 Dungeon Crawl Stone Soup version 0.28-a0-730-g892d06dc2c (webtiles) character file.

Game seed: 16487910699113260267

13863 pokeman the Eclecticist (level 11, -3/61 HPs)
             Began as a Deep Elf Hedge Wizard on Oct 28, 2021.
             Was a Priest of Vehumet.
             Shot with an arrow by Nessos (10 damage)
             ... on level 13 of the Dungeon.
             The game lasted 00:36:30 (15127 turns).

pokeman the Eclecticist (Deep Elf Hedge Wizard)    Turns: 15127, Time: 00:36:30

Health: -3/61      AC: 11    Str:  7    XL:     11   Next: 81%
Magic:  8/33       EV: 15    Int: 23    God:    Vehumet [***...]
Gold:   1728       SH:  0    Dex: 14    Spells: 23/42 levels left

rFire   + . .      SeeInvis .   R - +5 trident (protect)
rCold   . . .      Faith    .   (no shield)
rNeg    . . .      Spirit   .   T - +0 acid dragon scales
rPois   .          Reflect  .   m - +0 helmet
rElec   .          Harm     .   p - +0 cloak {Will+}
rCorr   +          Rampage  .   M - +0 pair of gloves
Will    ++...                   (no boots)
Stlth   ++........              h - amulet of regeneration
HPRegen 1.20/turn               x - ring of protection from fire
MPRegen 0.23/turn               G - +4 ring of evasion

@: lethally poisoned (-3 -> -7)
A: no striking features
a: Renounce Religion


You were on level 13 of the Dungeon.
You worshipped Vehumet.
Vehumet was most pleased with you.
You visited 2 branches of the dungeon, and saw 14 of its levels.

You collected 1728 gold pieces.

Inventory:

Hand Weapons
 P - a +0 shortbow
 R - a +5 trident of protection (weapon)
Missiles
 g - 163 arrows
Armour
 m - a +0 helmet (worn)
 p - a +0 cloak of willpower (worn)
 t - a +2 leather armour of cold resistance
 M - a +0 pair of gloves (worn)
 T - +0 acid dragon scales (worn)
Jewellery
 c - a ring of fire
 h - an amulet of regeneration (around neck)
 x - a ring of protection from fire (left hand)
 G - a +4 ring of evasion (right hand)
Wands
 U - a wand of acid (5)
Scrolls
 d - 3 scrolls of blinking
 y - 7 scrolls of teleportation
 D - a scroll of fear {unknown}
 H - a scroll of silence {unknown}
 O - 3 scrolls of magic mapping {unknown}
 X - a scroll of summoning {unknown}
Potions
 a - 3 potions of attraction {unknown}
 q - 4 potions of haste {unknown}
 s - a potion of cancellation {unknown}
 z - 4 potions of degeneration {unknown}
 B - 2 potions of ambrosia {unknown}
 C - 6 potions of curing
 E - 3 potions of heal wounds {unknown}
 I - a potion of flight {unknown}
 L - 3 potions of magic {unknown}
 V - 2 potions of lignification {unknown}
Miscellaneous
 N - a tin of tremorstones (2/2)
 S - a phial of floods
 Y - a condenser vane


   Skills:
 - Level 4.0 Fighting
 + Level 5.4 Armour
 - Level 3.2 Dodging
 - Level 3.3 Stealth
 * Level 16.1 Spellcasting
 + Level 9.5 Conjurations
 - Level 1.1 Summonings
 - Level 1.1 Translocations
 + Level 8.8 Fire Magic
 - Level 1.1 Ice Magic
 - Level 1.0 Air Magic
 - Level 1.1 Earth Magic
 - Level 1.0 Poison Magic
 - Level 1.1 Evocations


You had 23 spell levels left.
You knew the following spells:

 Your Spells              Type           Power      Damage    Failure   Level
a - Magic Dart            Conj           100%       1d8       1%          1
b - Mephitic Cloud        Conj/Pois/Air  36%        N/A       1%          3
c - Call Imp              Summ           23%        N/A       4%          2
d - Blink                 Tloc           46%        N/A       4%          2
e - Conjure Flame         Conj/Fire      57%        6-21      1%          3
f - Stone Arrow           Conj/Erth      84%        3d12      1%          3
g - Freezing Cloud        Conj/Ice/Air   18%        6-21      8%          5

Your spell library contained the following spells:

 Spells                   Type           Power      Damage    Failure   Level
 Airstrike                Air            11%        N/A       10%         4
 Ignite Poison            Fire/Tmut/Pois 33%        N/A       1%          3
 Irradiate                Conj/Tmut      20%        3d20      5%          5
 Slow                     Hex            18%        N/A       8%          2
 Sublimation of Blood     Necr           9%         N/A       8%          2
 Wereblood                Tmut           18%        N/A       8%          2
 Petrify                  Tmut/Erth      21%        N/A       38%         4
 Summon Hydra             Summ           11%        N/A       100%        7


Dungeon Overview and Level Annotations

Branches:
Dungeon (13/15)            Temple (1/1) D:4            Lair (0/6) D:11
    Orc (0/2) D:12
 Vaults: D:13-14

Altars:
Ashenzari
Elyvilon
Fedhas
Hepliaklqana
Kikubaaqudgha
Nemelex Xobeh
Okawaru
Qazlal
Ru
Sif Muna
Trog
Vehumet
Wu Jian
Xom
Yredelemnul
The Shining One

Shops:
D:6 *

Annotations:
D:13 Nessos


Message History

Casting: Call Imp (safe; 4% risk of failure)
Confirm with . or Enter, or press ? or * to list all spells.
Aiming: Stone Arrow (safe; 1% risk of failure)
Press: ? - help, Shift-Dir - straight line The stone arrow hits something!!
Vehumet accepts your kill.
Reactivating autopickup.
You feel a bit more experienced.
The orc shouts!
Casting: Stone Arrow (safe; 1% risk of failure)
Confirm with . or Enter, or press ? or * to list all spells.
Aiming: Freezing Cloud (dangerous; 9% risk of failure)
Press: ? - help, Dir - move target, f - howler monkey
Aim: a howler monkey (heavily wounded) Nessos the Markscentaur comes into view.
They are wielding a +0 club and carrying a wand of iceblast (6).
The howler monkey is engulfed in freezing vapours.
You kill the howler monkey!
Vehumet accepts your kill.
The orc is engulfed in freezing vapours.
You kill the orc!
Vehumet accepts your kill.
Nessos is engulfed in freezing vapours.
Nessos mumbles some strange words.
Nessos blinks!
Unknown command.
Nessos is engulfed in freezing vapours.
Nessos unwields a +0 club.
Nessos wields a +3 longbow of flaming.
It bursts into flame!
Nessos shoots an arrow.
The arrow misses you.
You hear an angry buzzing noise.
Nessos shoots an arrow.
The arrow hits you!
* * * LOW HITPOINT WARNING * * *
The arrow burns you.
You are poisoned.
* * * LOW HITPOINT WARNING * * *
Unknown command.
You feel very sick.
Nessos is engulfed in freezing vapours.
Nessos shoots an arrow.
The arrow closely misses you.
Nessos is engulfed in freezing vapours.
Nessos shoots an arrow.
The arrow hits you!
You die...

#.# #<# #.# #.#
#.#
##.####.####..#
#...(..#.>...##
.
##.####.#####.#
...
##@#.#.#§#§).#
#......☼☼c§..#
##5##+##§##.##
...# ..# #..#.+
.## #....# ..
#. #.# .# #.
... .. # #.# .#


You could see Nessos and a friendly crimson imp (summoned).

Vanquished Creatures
  A boulder beetle (D:12)
  A centaur warrior (D:13)
  3 two-headed ogres
  Urug (D:10)
  3 slime creatures (D:12)
  A cyclops (D:11)
  Maurice (D:8)
  2 unseen horrors
  A rime drake (shapeshifter) (D:10)
  Psyche (D:12)
  2 trolls
  A hornet (D:9)
  A vampire (D:12)
  2 wyverns
  5 yaks (D:12)
  A wraith (D:13)
  4 vampire mosquitoes (D:12)
  Menkaure (D:4)
  2 wargs (D:11)
  Edmund (D:6)
  An acid dragon (D:10)
  2 water moccasins (D:8)
  6 orc warriors
  An ice beast (D:8)
  3 black bears
  3 necrophages
  2 centaurs (D:9)
  5 phantoms
  A kobold brigand (D:9)
  2 gnoll sergeants (D:10)
  3 scorpions
  A wyvern zombie (D:9)
  5 bullfrogs
  3 howler monkeys (D:13)
  12 wights
  5 centaur zombies
  7 orc priests
  2 bullfrog skeletons
  2 iguanas
  8 orc wizards
  2 killer bee zombies
  A mummy (D:9)
  Robin (D:2)
  10 gnolls (D:10)
  3 howler monkey zombies
  9 adders
  2 white imps
  2 adder skeletons (D:4)
  A worm (D:2)
  A dart slug (D:1)
  23 orcs
  4 ball pythons
  3 endoplasms
  10 hobgoblins
  4 jackals (D:2)
  4 quokkas
  3 bats
  3 frilled lizards
  9 goblins
  11 kobolds
  3 rats
  A spectral orc (D:10)
219 creatures vanquished.

Vanquished Creatures (collateral kills)
  A wight (D:5)
  Crazy Yiuf (D:2)
2 creatures vanquished.

Vanquished Creatures (others)
  A butterfly (D:6)
  6 withered plants (D:9)
7 creatures vanquished.

Grand Total: 228 creatures vanquished

Notes
Turn   | Place    | Note
-------+----------+-------------------------------------------
     0 | D:1      | pokeman the Deep Elf Hedge Wizard began the quest for the
                  | Orb.
     0 | D:1      | Reached XP level 1. HP: 10/10 MP: 7/7
   550 | D:1      | Reached XP level 2. HP: 16/16 MP: 2/9
  1131 | D:2      | Reached skill level 5 in Spellcasting
  1280 | D:2      | Reached XP level 3. HP: 20/20 MP: 9/11
  1288 | D:2      | Learned a level 3 spell: Mephitic Cloud
  1291 | D:2      | Learned a level 2 spell: Call Imp
  1294 | D:2      | Learned a level 2 spell: Blink
  1298 | D:2      | Learned a level 3 spell: Conjure Flame
  1849 | D:2      | Reached skill level 1 in Armour
  1949 | D:2      | Reached skill level 1 in Fighting
  2204 | D:2      | Noticed Robin
  2267 | D:2      | Killed Robin
  2268 | D:2      | Reached XP level 4. HP: 25/25 MP: 3/13
  2554 | D:2      | Found a runed translucent door.
  2555 | D:2      | Noticed Crazy Yiuf
  2830 | D:2      | HP: 1/25 [poisoned by Crazy Yiuf]
  3225 | D:2      | Killed Crazy Yiuf
  3494 | D:3      | Reached skill level 1 in Fire Magic
  3730 | D:3      | Noticed a phantom
  3744 | D:3      | Killed a phantom
  3745 | D:3      | Reached skill level 6 in Spellcasting
  3745 | D:3      | Reached XP level 5. HP: 11/29 MP: 4/15
  3900 | D:3      | Reached skill level 1 in Air Magic
  4586 | D:4      | Found a stormy altar of Qazlal.
  4597 | D:4      | Reached skill level 1 in Poison Magic
  4597 | D:4      | Reached XP level 6. HP: 34/34 MP: 12/17
  4686 | D:4      | Noticed Menkaure
  4722 | D:4      | Killed Menkaure
  4723 | D:4      | Reached skill level 7 in Spellcasting
  4723 | D:4      | Reached skill level 1 in Evocations
  4984 | D:4      | Found a staircase to the Ecumenical Temple.
  4993 | Temple   | Entered the Ecumenical Temple
  5075 | Temple   | Became a worshipper of Vehumet
  5162 | D:4      | Found an iron altar of Okawaru.
  5446 | D:4      | Reached XP level 7. HP: 38/38 MP: 17/20
  5537 | D:5      | Entered Level 5 of the Dungeon
  5565 | D:5      | Reached skill level 8 in Spellcasting
  6267 | D:5      | Reached skill level 9 in Spellcasting
  6267 | D:5      | Reached XP level 8. HP: 40/44 MP: 20/23
  6962 | D:6      | Found a white marble altar of Elyvilon.
  6984 | D:6      | Reached skill level 5 in Conjurations
  7155 | D:6      | Found Yvoc's Assorted Antiques.
  7229 | D:6      | Reached skill level 10 in Spellcasting
  7604 | D:6      | Noticed Edmund
  7617 | D:6      | Killed Edmund
  8152 | D:7      | Reached * piety under Vehumet
  8152 | D:7      | Offered knowledge of Freeze by Vehumet.
  8153 | D:7      | Reached XP level 9. HP: 48/48 MP: 17/25
  8544 | D:8      | Noticed Maurice
  8563 | D:8      | Killed Maurice
  8564 | D:8      | Reached skill level 11 in Spellcasting
  8564 | D:8      | Reached skill level 5 in Fire Magic
  9237 | D:8      | Noticed a two-headed ogre
  9255 | D:8      | Killed a two-headed ogre
  9256 | D:8      | Reached skill level 12 in Spellcasting
 10138 | D:9      | Reached XP level 10. HP: 54/56 MP: 19/28
 10429 | D:9      | Offered knowledge of Sandblast by Vehumet.
 10659 | D:9      | Reached skill level 13 in Spellcasting
 10666 | D:9      | Reached ** piety under Vehumet
 11364 | D:10     | Entered Level 10 of the Dungeon
 11364 | D:10     | Noticed a two-headed ogre
 11442 | D:10     | Found a sacrificial altar of Ru.
 11631 | D:10     | Killed a two-headed ogre
 11917 | D:10     | Noticed Urug
 11927 | D:10     | Killed Urug
 11928 | D:10     | Reached skill level 14 in Spellcasting
 12182 | D:10     | Found a basalt altar of Yredelemnul.
 12375 | D:11     | Noticed an orb spider
 12375 | D:11     | a raiju changed into an orb spider
 12419 | D:11     | an orb spider changed into a rime drake
 12679 | D:11     | Noticed a two-headed ogre
 12689 | D:11     | Killed a two-headed ogre
 12689 | D:11     | Offered knowledge of Stone Arrow by Vehumet.
 12690 | D:11     | Reached XP level 11. HP: 60/61 MP: 31/31
 12708 | D:11     | Learned a level 3 spell: Stone Arrow
 12714 | D:11     | Learned a level 5 spell: Freezing Cloud
 12876 | D:11     | Reached *** piety under Vehumet
 12896 | D:11     | Found a staircase to the Lair.
 13170 | D:11     | Reached skill level 1 in Ice Magic
 13170 | D:11     | Reached skill level 1 in Earth Magic
 13581 | D:12     | Noticed Psyche
 13603 | D:12     | Reached skill level 15 in Spellcasting
 13605 | D:12     | Killed Psyche
 14130 | D:12     | Offered knowledge of Airstrike by Vehumet.
 14145 | D:12     | Reached skill level 5 in Armour
 14361 | D:12     | Noticed a boulder beetle
 14432 | D:12     | Killed a boulder beetle
 14559 | D:12     | Identified a scroll of acquirement
 14565 | D:12     | Acquired 887 gold pieces
 14657 | D:12     | Found a staircase to the Orcish Mines.
 15103 | D:13     | Noticed a centaur warrior
 15108 | D:13     | Killed a centaur warrior
 15116 | D:13     | Reached skill level 16 in Spellcasting
 15124 | D:13     | Noticed Nessos
 15127 | D:13     | Shot with an arrow by Nessos

Illustrated notes

Levels and vault maps discovered:
D:1:      eino_arrival_cavern_b, layout_rooms, minmay_misc_feat_ornament
D:2:      layout_basic, uniq_crazy_yiuf_cottage, uniq_robin
D:3:      layout_basic
D:4:      layout_gridville, mainiacjoe_overflow_concentric_impassable,
          nicolae_qazlal_scattered_showers, temple_doors_cd, uniq_menkaure
D:5:      layout_basic, minmay_misc_feat_pillars
D:6:      layout_basic, nicolae_elyvilon_peaceful_grove, serial_shops,
          nicolae_shop_overgrown_old_shop, uniq_edmund
D:7:      layout_rooms, serial_glass, glass_columns_a, glass_columns_c
D:8:      layout_basic, dk_noncrumbling_4, uniq_maurice
D:9:      layout_basic, serial_undead, serial_undead_e, serial_undead_c,
          serial_undead_b, serial_undead_f, serial_undead_c, serial_undead_d
D:10:     layout_roguey, lemuel_crystal_altar,
          yredelemnul_forgotten_temple_becter, uniq_urug
D:11:     layout_layer_cave, erik_lair_orcish_takeover
D:12:     layout_roguey, hiddenorc1_lemuel, uniq_psyche
D:13:     layout_loops_ring, serial_shops, kennysheep_mini_moat,
          minmay_misc_feat_doors, elves_outpost_lemuel, uniq_nessos,
          uniq_erolcha
Temple:   minmay_crystal_spiral_temple

Skill      XL: |  1  2  3  4  5  6  7  8  9 10 11 |
---------------+----------------------------------+-----
Spellcasting   | 5 6 7 9 10 12 14 16 | 16.1
Armour         | 1 2 3 4 5 |  5.4
Fighting       | 1 2 3 4 |  4.0
Conjurations   | 2 3 4 5 7 8 9 |  9.5
Fire Magic     | 1 3 4 6 7 8 |  8.8
Dodging        | 3 |  3.2
Air Magic      | 1 |  1.0
Poison Magic   | 1 |  1.0
Stealth        | 3 |  3.3
Evocations     | 1 |  1.1
Ice Magic      | 1 |  1.1
Earth Magic    | 1 |  1.1
Summonings     | |  1.1
Translocations | |  1.1

Action                   |  1- 3 |  4- 6 |  7- 9 | 10-12 || total
-------------------------+-------+-------+-------+-------++-------
Melee: Dagger            |    17 |     3 |       |       ||    20
       Quarterstaff      |       |    17 |    54 |    33 ||   104
       Trident           |       |       |       |    72 ||    72
 Cast: Magic Dart        |   108 |    73 |   204 |   122 ||   507
       Mephitic Cloud    |     1 |     3 |    14 |    27 ||    45
       Call Imp          |       |     5 |     5 |    10 ||    20
       Blink             |       |     4 |       |     2 ||     6
       Conjure Flame     |       |     5 |    25 |    25 ||    55
       Stone Arrow       |       |       |       |    33 ||    33
       Freezing Cloud    |       |       |       |    15 ||    15
  Use: Scroll            |       |       |       |    11 ||    11
 Stab: Confused          |     1 |     1 |     3 |    10 ||    15
       Sleeping          |       |     1 |     1 |       ||     2
       Paralysed         |       |       |     3 |       ||     3
Armor: Robe              |     2 |     1 |       |       ||     3
       Leather armour    |       |     2 |    27 |    21 ||    50
       Acid dragon scale |       |       |       |    16 ||    16
Dodge: Dodged            |    17 |    11 |    84 |    87 ||   199

Table legend: (Time is in decaauts)
 A = Elapsed time spent in this place.
 B = Non-inter-level travel time spent in this place.
 C = Inter-level travel time spent in this place.
 D = Time resting spent in this place.
 E = Time spent auto-exploring this place.
 F = Levels seen in this place.
 G = Mean time per level.
                   A        B        C        D        E       F      G
               +--------+--------+--------+--------+--------+-----+--------+
         Total |  15194 |  14361 |    833 |   1227 |  10982 |  14 | 1085.3 |
       Dungeon |  15023 |  14247 |    776 |   1227 |  10913 |  13 | 1155.6 |
        Temple |    171 |    115 |     56 |      0 |     69 |   1 |  171.0 |
               +--------+--------+--------+--------+--------+-----+--------+

Top non-repeatable levels by time:
     D:2: 2416 daAuts
     D:9: 1541 daAuts
     D:8: 1481 daAuts
     D:5: 1385 daAuts
    D:10: 1279 daAuts
     D:6: 1216 daAuts
    D:12: 1162 daAuts
     D:1: 1057 daAuts
     D:4: 999 daAuts
     D:3: 995 daAuts
    D:11: 992 daAuts
     D:7: 458 daAuts
  Temple: 171 daAuts
    D:13: 37 daAuts
